 Dungeon Crawl Stone Soup version 0.30-a0-1053-gbd8d5ba0ad (webtiles) character file.

Game seed: 837446186443411030

59 Hubris850 the Digger (level 4, 0/24 HPs)
             Began as a Gargoyle Earth Elementalist on Apr 11, 2023.
             Slain by Natasha (4 damage)
             ... on level 1 of the Dungeon.
             The game lasted 00:03:31 (1040 turns).

Hubris850 the Digger (Gargoyle Earth Elementalist)  Turns: 1040, Time: 00:03:32

Health: 0/24       AC:  5    Str: 11    XL:     4   Next: 3%
Magic:  6/7        EV: 11    Int: 18    God:
Gold:   47         SH:  0    Dex: 10    Spells: 5/8 levels left

rFire   . . .      SeeInvis .    g - +0 dagger
rCold   . . .      Faith    .    (no shield)
rNeg    + . .      Spirit   .    a - +0 robe
rPois   ∞          Reflect  .    (no helmet)
rElec   +          Rampage  .    (no cloak)
rCorr   .                        (no gloves)
Will    .....                    (no boots)
Stlth   ++                       (no amulet)
HPRegen 0.24/turn                (no ring)
MPRegen 0.10/turn                (no ring)

@: very slightly contaminated
A: sickness immunity, AC +3, negative energy resistance 1, electricity
resistance, torment resistance 1, petrification resistance
a: no special abilities


You were on level 1 of the Dungeon.
You visited 1 branch of the dungeon, and saw 2 of its levels.

You collected 47 gold pieces.

Inventory:

Hand Weapons
 g - a +0 dagger (weapon)
Armour
 a - a +0 robe (worn)
Scrolls
 c - 3 scrolls of noise {unknown}
 d - a scroll of fog {unknown}
 h - a scroll of identify {unknown}
 i - a scroll of blinking {unknown}
 j - a scroll of immolation {unknown}
Potions
 e - a potion of haste {unknown}


   Skills:
 - Level 1.5 Dodging
 + Level 2.7 Stealth
 + Level 2.6 Spellcasting
 + Level 1.6 Transmutations
 + Level 4.3 Earth Magic


You had 5 spell levels left.
You knew the following spells:

 Your Spells              Type           Power      Damage    Failure   Level
a - Sandblast             Erth           34%        2d9       3%          1
b - Passwall              Tmut/Erth      10%        N/A       8%          2

Your spell library contained the following spells:

 Spells                   Type           Power      Damage    Failure   Level
 Stone Arrow              Conj/Erth      20%        3d8       22%         3
 Petrify                  Tmut/Erth      13%        N/A       43%         4


Dungeon Overview and Level Annotations

Branches:
Dungeon (2/15)

Altars:

Shops:
D:1 (

Annotations:
D:1 Natasha


Innate Abilities, Weirdness & Mutations

You are immune to sickness and miasma.
Your stone body is resilient. (AC +3)
You are immune to poison.
You resist negative energy. (rN+)
You are resistant to electric shocks. (rElec)
You are resistant to unholy torment.
You are immune to petrification.


Message History

Confirm with . or Enter, or press ? or * to list all spells.
Aiming: Sandblast (safe; 3% risk of failure)
Press: ? - help, Shift-Dir - straight line, f - Natasha
Aim: Natasha (heavily wounded, 77% to hit)
You miscast Sandblast.
You are very lightly contaminated with residual magic.
Nothing appears to happen.
Natasha wildly gestures.
Natasha's front paws start to glow.
Natasha misses you.
Casting: Sandblast (safe; 3% risk of failure)
Confirm with . or Enter, or press ? or * to list all spells.
You don't have enough magic to cast this spell.
Unknown command.
You barely miss Natasha.
Natasha is heavily wounded.
Natasha closely misses you.
You closely miss Natasha.
Natasha is heavily wounded.
Natasha claws you.
* * * LOW HITPOINT WARNING * * *
Casting: Sandblast (safe; 3% risk of failure)
Confirm with . or Enter, or press ? or * to list all spells.
You don't have enough magic to cast this spell.
You hit Natasha but do no damage.
Natasha is heavily wounded.
Natasha casts a spell.
Magic courses through your body. Natasha claws you.
* * * LOW HITPOINT WARNING * * *
The cerulean imp barely misses you.
Casting: Sandblast (safe; 3% risk of failure)
Confirm with . or Enter, or press ? or * to list all spells.
Aiming: Sandblast (safe; 3% risk of failure)
Press: ? - help, Shift-Dir - straight line, f/p - Natasha
Aim: Natasha (heavily wounded, 77% to hit)
The blast of sand misses Natasha.
Natasha casts a spell at you. You resist with some effort.
The cerulean imp closely misses you. Natasha claws you.
You die...

.# #.##♣P♣♣♣P♣.♣♣##
#....###.#♣♣ .# #.##♣♣♣♣♣♣♣♣♣
#.###.#.## .# #.##.#..# #.#
##.## # .# #.##.#..# #.# #.# #
[# #.##.#..#### #.# #.# #
.####.##.......# #.# #.# #
......####.#...## #.# #.# #
##########......######.#
#.#####
................@5.....#
#......
#######..##......h######
####### .## #..##.......# #
..## #..#........#############
# ...#
#.......................# #
♣♣.####..#........###########.#
# ♣♣.P.....#[.......# #.###
♣P.P.....#........# #.##.
...#.#####.##...###
#########.#..


You could see Natasha and a cerulean imp (summoned).

Vanquished Creatures
  Natasha (D:2)
  2 bats (D:1)
  7 endoplasms
  4 giant cockroaches (D:1)
  6 goblins
  4 hobgoblins
  2 kobolds (D:1)
  A quokka (D:1)
  2 frilled lizards (D:1)
29 creatures vanquished.

Notes
Turn   | Place    | Note
-------+----------+-------------------------------------------
     0 | D:1      | Hubris850 the Gargoyle Earth Elementalist began the quest
                  | for the Orb.
     0 | D:1      | Reached XP level 1. HP: 10/10 MP: 3/3
    74 | D:1      | Reached skill level 1 in Transmutations
   139 | D:1      | Reached XP level 2. HP: 15/15 MP: 3/5
   299 | D:1      | Found Isuoxich's Antique Weapon Emporium.
   376 | D:1      | Reached skill level 4 in Earth Magic
   414 | D:1      | Learned a level 2 spell: Passwall
   627 | D:1      | Reached XP level 3. HP: 19/19 MP: 4/6
   982 | D:2      | Noticed Natasha
  1021 | D:2      | Killed Natasha
  1021 | D:2      | Noticed Natasha
  1022 | D:2      | Reached XP level 4. HP: 21/24 MP: 2/7
  1040 | D:1      | Slain by Natasha

Illustrated notes

Levels and vault maps discovered:
D:1:      minmay_arrival_semitransparent, layout_loops_ring, serial_forest,
          infiniplex_forest_clump_long, infiniplex_forest_straight_5,
          infiniplex_forest_clump_double, infiniplex_forest_side_room,
          infiniplex_forest_straight_5, infiniplex_forest_clump_large,
          infiniplex_forest_clump_long, infiniplex_forest_end_2, serial_shops,
          shop
D:2:      layout_rooms, minmay_pentomino_o2, uniq_natasha

Skill      XL: |  1  2 |
---------------+-------+-----
Transmutations | 1 |  1.6
Earth Magic    | 4 |  4.3
Dodging        | |  1.5
Stealth        | |  2.7
Spellcasting   | |  2.6

Action                     |  1- 3 |  4- 6 || total
---------------------------+-------+-------++-------
  Melee: Dagger            |     1 |     5 ||     6
   Cast: Sandblast         |    33 |     4 ||    37
         Passwall          |     1 |       ||     1
    Use: Potion            |       |     2 ||     2
   Stab: Sleeping          |     1 |       ||     1
 Armour: Robe              |     3 |     2 ||     5
  Dodge: Dodged            |     4 |     6 ||    10

Table legend: (Time is in decaauts)
 A = Elapsed time spent in this place.
 B = Non-inter-level travel time spent in this place.
 C = Inter-level travel time spent in this place.
 D = Time resting spent in this place.
 E = Time spent auto-exploring this place.
 F = Levels seen in this place.
 G = Mean time per level.
                   A        B        C        D        E       F      G
               +--------+--------+--------+--------+--------+-----+--------+
         Total |   1058 |   1050 |      8 |     49 |    845 |   2 |  529.0 |
       Dungeon |   1058 |   1050 |      8 |     49 |    845 |   2 |  529.0 |
               +--------+--------+--------+--------+--------+-----+--------+

Top non-repeatable levels by time:
     D:1: 1029 daAuts
     D:2: 29 daAuts
